 Dungeon Crawl Stone Soup version 0.31.0-12-g77e489cdc1 (webtiles) character file.

Game seed: 4417500302887304910

163 Killerpretzel the Changeling (level 5, 0/34 HPs)
             Began as an Octopode Shapeshifter on Mar 2, 2024.
             Slain by a gnoll
             ... wielding a +0 club
              (4 damage)
             ... on level 3 of the Dungeon.
             The game lasted 00:02:11 (2467 turns).

Killerpretzel the Changeling (OpSh)                 Turns: 2467, Time: 00:02:12

Health: 0/34       AC:  1    Str: 14    XL:     5   Next: 44%
Magic:  5/5        EV: 13    Int: 12    God:
Gold:   101        SH:  0    Dex: 13    Spells: 4/4 levels left

rFire   . .          .
                       - Unarmed
rCold   . . .        (no shield)
rNeg    . . .        (helmet currently unavailable)
rPois   .            (no amulet)
rElec   .            j - ring of willpower
rCorr   .            (no ring)
SInv    .            (no ring)
Will    +....        (no ring)
Stlth   ++           (no ring)
HPRegen 0.25/turn    (no ring)
MPRegen 0.09/turn    (no ring)
                     (no ring)

%: no passive effects
@: mighty, beast-form
A: beast (slay +2), almost no armour, amphibious, 8 rings, camouflage 1,
gelatinous body 1, (nimble swimmer 1), tentacles
a: Begin Untransformation


You were on level 3 of the Dungeon.
You were a hulking beast.
You visited 1 branch of the dungeon, and saw 3 of its levels.

You collected 101 gold pieces.

Inventory:

Missiles
 l - 7 boomerangs (quivered)
Jewellery
 i - an amulet of reflection
 j - a ring of willpower (left tentacle)
Talismans
 b - a beast talisman
 c - a flux talisman
 m - a maw talisman
Potions
 a - 3 potions of lignification
 d - 4 potions of curing
 e - 2 potions of haste {unknown}
 f - 2 potions of heal wounds
 h - 2 potions of mutation


   Skills:
 + Level 2.2 Fighting
 + Level 2.9 Dodging
 + Level 3.7 Unarmed Combat
 * Level 4.2 Shapeshifting


You had 4 spell levels left.
You didn't know any spells.
Your spell library contained the following spells:

 Spells                   Type           Power      Damage    Failure   Level
 Stone Arrow              Conj/Erth      0%         3d7       69%         3
 Lehudib's Crystal Spear  Conj/Erth      0%         10d2      100%        8
 Animate Armour           Summ/Erth      Unusable   N/A       N/A         4

Dungeon Overview and Level Annotations

Branches:
Dungeon (3/15)

Altars:


Innate Abilities, Weirdness & Mutations

You are a hulking beast.
Your limbs bulge with bestial killing power. (Slay +2)
You cannot wear most types of armour.
You are amphibious.
You can wear up to eight rings at the same time.
Your skin changes colour to match your surroundings (Stealth+).
Your rubbery body absorbs attacks. (AC +1, EV +1)
((You are camouflaged when in or above water. (Stealth+)))
You have tentacles for arms and can constrict up to eight enemies at once.


Message History

No target in view!
No target in view!
No target in view!
e - 2 grey potions (gained 1)
An adder comes into view. 2 gnolls come into view.
The gnoll shouts!
A gnoll comes into view. It is wielding a +0 spear.
The adder hisses angrily.
A gnoll comes into view. It is wielding a +0 club.
The gnoll shouts!
You tentacle-slap the adder. Your grab misses the adder. You squeeze the adder.
You kill the adder!
You hear an angry hiss.
The gnoll barely misses you.
An adder comes into view.
You closely miss the gnoll. You grab the gnoll.
You constrict the gnoll, but do no damage.
The gnoll barely misses you.
The gnoll hits you from afar with a +0 spear.
You tentacle-slap the gnoll. You squeeze the gnoll.
The gnoll is severely wounded.
You constrict the gnoll.
The gnoll hits you from afar with a +0 spear!
The gnoll escapes!
The gnoll hits you from afar with a +0 spear!
You are too injured to fight recklessly!
You are too injured to fight recklessly!
You are too injured to fight recklessly!
You are too injured to fight recklessly!
There are monsters nearby!
You feel very mighty all of a sudden. The gnoll misses you.
The gnoll hits you with a +0 whip. The gnoll barely misses you.
You closely miss the gnoll. You grab the gnoll. You tentacle-slap the gnoll.
You kill the gnoll!
The gnoll hits you from afar with a +0 spear.
* * * LOW HITPOINT WARNING * * *
The gnoll hits you with a +0 club.
You die...

#...........#
#.......###.#
#..........#
#.##.......#
#####..........###
#................####
##..##................
#...##............###.
#...##........h)......
#.............#gg.....
#....#>####....gS...!.
###......##........##.
#..#.†.............
#####....####.#....#.##.
(......#........ .....
......##..#...## ### #.
..........# #.# ..


You could see 3 gnolls and an adder.

Vanquished Creatures
  An orc priest (D:3)
  Jessica (D:2)
  An orc wizard (D:3)
  3 adders
  A gnoll (D:3)
  A ribbon worm (D:2)
  4 orcs (D:3)
  8 bats
  4 endoplasms
  A giant cockroach (D:3)
  3 goblins
  4 hobgoblins
  3 jackals (D:1)
  3 ball pythons
  4 frilled lizards
  6 kobolds
  6 rats
54 creatures vanquished.

Notes
Turn   | Place    | Note
-------+----------+-------------------------------------------
     0 | D:1      | Killerpretzel the Octopode Shapeshifter began the quest for
                  | the Orb.
     0 | D:1      | Reached XP level 1. HP: 13/13 MP: 1/1
   245 | D:1      | Reached XP level 2. HP: 10/18 MP: 2/2
   843 | D:1      | Found a faded altar of an unknown god.
  1132 | D:2      | Reached XP level 3. HP: 23/23 MP: 3/3
  1543 | D:2      | Noticed Jessica
  1550 | D:2      | Killed Jessica
  1551 | D:2      | Reached XP level 4. HP: 5/29 MP: 4/4
  2171 | D:3      | Reached skill level 4 in Shapeshifting
  2171 | D:3      | Reached XP level 5. HP: 29/34 MP: 5/5
  2467 | D:3      | Slain by a gnoll

Illustrated notes

Levels and vault maps discovered:
D:1:      scummos_arrival_gate, layout_loops_corners,
          shapermc_ecumenical_altar_pompeii
D:2:      layout_basic, reono_crystal_passage, minmay_tree_intersection,
          grunt_decor_fettered, minmay_tetromino_s2, uniq_jessica
D:3:      layout_basic, chequers_temple_overflow_statue_of_worship

Skill      XL: |  1  2  3  4 |
---------------+-------------+-----
Fighting       | 2 |  2.2
Shapeshifting  | 4 |  4.2
Dodging        | |  2.9
Unarmed Combat | |  3.7

Action                     |  1- 3 |  4- 6 || total
---------------------------+-------+-------++-------
  Melee: Unarmed           |    66 |    44 ||   110
         Constrict         |    18 |    14 ||    32
         Tentacles         |    11 |    10 ||    21
         Punch             |     1 |     2 ||     3
    Use: Scroll            |     3 |     5 ||     8
         Potion            |       |     1 ||     1
   Stab: Sleeping          |     5 |       ||     5
 Armour: Skin              |    35 |    28 ||    63
  Dodge: Dodged            |    48 |    29 ||    77
